AoeStats
← ACRAGT

Golden Pit

509772690Analyzed
1v1 RM · 6d ago on Sep 28, 2026· 23m 52s· 2 players
Game mode
Random Map
Map size
Tiny (2 player)
Population
200
Speed
Normal
Resources
Standard
Victory
Conquest
Starting age
Dark Age
Ending age
Imperial Age
RankedLock teamsTeams togetherTeam positionsShared explorationLock speedFull tech treeHidden civsTurbo modeCheats
Victory
Defeat
🇲🇽 Maya · Mexico
973
+15
🇧🇷 Portuguese · Brazil
952
-44
ACRAGT
5:53 Loom
13:29 Feudal Age
18:03 Wheelbarrow
Ferya7725
0:29 Loom
11:18 Feudal Age
12:59 Double-Bit Axe
14:15 Horse Collar
16:04 Fletching
20:19 Castle Age
18:50 Gold Mining
20:57 Bodkin Arrow
21:39 Heavy Plow
21:12 Crossbowman
22:57 Town Watch
Connection lost

Rejoining the realm…

Still unreachable

The connection could not be restored.

Session expired

The server has moved on; the page needs a fresh start.